AoeStats
← ITA | Raffy

Four Lakes

503153067Analyzed
4v4 RM · 1mo ago on Aug 30, 2026· 51m 49s· 8 players
Game mode
Random Map
Map size
Large (8 player)
Population
200
Speed
Normal
Resources
Standard
Victory
Conquest
Starting age
Dark Age
Ending age
Imperial Age
RankedLock teamsTeams togetherTeam positionsShared explorationLock speedFull tech treeHidden civsTurbo modeCheats
Victory
Defeat
🇫🇷 Tatars · France
1395
+12
🇨🇳 Berbers · China
1394
+12
🇨🇳 Huns · China
1369
+13
🇮🇹 Italians · Italy
1352
+14
🇧🇪 Lithuanians · Belgium
1342
-14
🇫🇷 Persians · France
1340
-14
🇫🇷 Shu · France
1307
-13
🇫🇷 Ethiopians · France
1264
-11
Hecktelion
9:32 Loom
11:51 Feudal Age
16:54 Castle Age
15:13 Double-Bit Axe
15:35 Gold Mining
16:29 Fletching
16:40 Padded Archer Armor
17:32 Bloodlines
18:40 Wheelbarrow
19:06 Gold Shaft Mining
18:49 Horse Collar
19:43 Husbandry
20:34 Bodkin Arrow
22:26 Ballistics
24:25 Bow Saw
25:53 Leather Archer Armor
27:39 Hand Cart
28:03 Gold Shaft Mining
28:27 Stone Mining
34:04 Imperial Age
34:25 Heavy Cavalry Archer
35:08 Bracer
35:39 Ring Archer Armor
36:13 Chemistry
35:38 Silk Armor
42:14 Siege Engineers
42:20 Masonry
41:50 Treadmill Crane
42:06 Murder Holes
44:50 Heavy Plow
47:08 Conscription
46:59 Timurid Siegecraft
46:50 Town Watch
48:16 Guilds
48:37 Coinage
50:49 Fishing Lines
51:28 Gillnets
52:26 Town Patrol
SSS111
10:36 Feudal Age
8:53 Loom
11:14 Double-Bit Axe
12:59 Horse Collar
15:13 Forging
16:07 Bloodlines
22:55 Castle Age
21:48 Scale Barding Armor
23:13 Light Cavalry
23:53 Husbandry
25:25 Bow Saw
25:55 Wheelbarrow
28:10 Gold Mining
32:03 Chain Barding Armor
34:27 Heavy Plow
36:06 Iron Casting
39:51 Imperial Age
38:27 Hand Cart
38:35 Fletching
39:38 Stone Mining
39:58 Cavalier
41:25 Plate Barding Armor
43:03 Gold Shaft Mining
43:04 Stone Shaft Mining
42:29 Bodkin Arrow
42:35 Padded Archer Armor
43:46 Conscription
43:04 Elite Camel Archer
43:57 Guilds
44:03 Bracer
45:58 Chemistry
45:23 Ballistics
44:24 Crossbowman
45:13 Thumb Ring
44:39 Light Cavalry
46:19 Hoardings
46:10 Leather Archer Armor
47:02 Siege Engineers
47:07 Masonry
47:39 Ring Archer Armor
48:02 Treadmill Crane
49:25 Blast Furnace
适才相戏尔
5:32 Loom
14:42 Feudal Age
15:16 Double-Bit Axe
16:20 Gold Mining
18:50 Fletching
23:15 Castle Age
22:17 Padded Archer Armor
22:20 Horse Collar
23:41 Bloodlines
23:55 Bodkin Arrow
24:17 Leather Archer Armor
26:28 Ballistics
26:18 Husbandry
33:32 Wheelbarrow
33:11 Bow Saw
34:38 Hand Cart
34:46 Thumb Ring
44:36 Imperial Age
43:48 Heavy Plow
44:46 Heavy Cavalry Archer
45:51 Parthian Tactics
46:37 Two-Man Saw
45:56 Bracer
46:59 Chemistry
46:17 Caravan
47:56 Gold Shaft Mining
ITA | Raffy
7:42 Loom
9:54 Feudal Age
10:56 Double-Bit Axe
15:50 Fletching
23:59 Castle Age
23:55 Gold Mining
24:05 Crossbowman
24:52 Bodkin Arrow
26:04 Padded Archer Armor
27:32 Ballistics
27:59 Thumb Ring
29:02 Bow Saw
31:25 Fishing Lines
33:17 Leather Archer Armor
33:27 Town Watch
34:18 Wheelbarrow
38:23 Imperial Age
40:07 Chemistry
39:23 Bracer
39:55 Stone Mining
39:59 Arbalester
IneedMoney$
7:01 Loom
9:31 Feudal Age
10:26 Double-Bit Axe
13:58 Fletching
15:26 Padded Archer Armor
19:55 Wheelbarrow
23:54 Castle Age
22:51 Horse Collar
23:01 Gold Mining
23:57 Crossbowman
24:34 Bodkin Arrow
25:36 Leather Archer Armor
25:34 Thumb Ring
28:43 Ballistics
30:44 Hand Cart
34:21 Demolition Ship
43:30 Elite Skirmisher
Stupid Bird
7:59 Loom
10:49 Feudal Age
13:59 Fishing Lines
15:34 Double-Bit Axe
18:29 Fishing Lines
20:47 Fletching
24:06 Castle Age
22:48 Padded Archer Armor
24:09 Crossbowman
24:46 Bodkin Arrow
25:06 Leather Archer Armor
25:31 Thumb Ring
26:17 Ballistics
27:35 Gillnets
30:29 Gold Mining
32:22 Wheelbarrow
35:34 Imperial Age
33:14 Stone Mining
34:01 Gold Shaft Mining
35:56 Arbalester
36:40 Bracer
37:10 Ring Archer Armor
37:42 Chemistry
41:11 Bolt Magazine
44:40 Conscription
48:00 Siege Engineers
Sun
7:25 Loom
10:41 Feudal Age
12:43 Forging
13:37 Scale Barding Armor
16:26 Fishing Lines
21:02 Castle Age
19:36 Double-Bit Axe
20:44 Bloodlines
20:46 Gold Mining
20:49 Stone Mining
21:47 Husbandry
25:38 Bow Saw
27:44 Wheelbarrow
27:48 Chain Barding Armor
28:03 Iron Casting
28:07 Gillnets
28:17 Horse Collar
34:45 Fletching
36:34 Stone Shaft Mining
38:04 Hand Cart
37:34 Town Watch
39:20 Heavy Plow
42:10 Imperial Age
41:13 Town Patrol
41:26 Bodkin Arrow
41:31 Padded Archer Armor
42:19 Cavalier
42:20 Light Cavalry
43:07 Thumb Ring
42:23 Elite Skirmisher
43:01 Heavy Cavalry Archer
43:41 Paladin
44:52 Ballistics
46:24 Paladin
Superbrasseur
10:51 Feudal Age
9:07 Loom
11:22 Double-Bit Axe
11:44 Fishing Lines
13:24 Scale Barding Armor
13:35 Forging
14:09 Horse Collar
18:51 Wheelbarrow
21:35 Bloodlines
23:32 Town Watch
23:55 Gold Mining
23:57 Stone Mining
27:09 Castle Age
27:38 Husbandry
26:58 Light Cavalry
28:01 Chain Barding Armor
28:16 Iron Casting
28:02 Hand Cart
28:04 Bow Saw
27:56 Heavy Plow
28:14 Fletching
30:04 Gillnets
38:21 Gold Shaft Mining
37:50 Bodkin Arrow
37:55 Padded Archer Armor
37:45 Elite Skirmisher
39:24 Ballistics
42:49 Imperial Age
41:27 Scale Mail Armor
41:43 Leather Archer Armor
40:50 Pikeman
41:30 Squires
42:28 Cavalier
42:30 Hussar
44:13 Plate Barding Armor
44:27 Conscription
46:17 Blast Furnace
46:00 Halberdier
46:56 Chain Mail Armor
48:32 Citadels
52:56 Chemistry
Connection lost

Rejoining the realm…

Still unreachable

The connection could not be restored.

Session expired

The server has moved on; the page needs a fresh start.